 Dungeon Crawl Stone Soup version 0.29-a0-330-g52719c12eb (webtiles) character file.

Game seed: 18431788901323407590

50 night the Vandal (level 3, -1/28 HPs)
             Began as a Demonspawn Hunter on May 19, 2022.
             Was a Follower of Vehumet.
             Slain by a centaur (2 damage)
             ... on level 3 of the Dungeon.
             The game lasted 00:02:44 (1575 turns).

night the Vandal (Demonspawn Hunter)                Turns: 1575, Time: 00:02:45

Health: -1/28      AC:  6    Str: 11    XL:     3   Next: 55%
Magic:  3/3        EV: 11    Int: 12    God:    Vehumet [*.....]
Gold:   101        SH:  0    Dex: 16    Spells: 2/2 levels left

rFire   . . .      SeeInvis .   a - +1 hunting sling
rCold   . . .      Faith    .   (no shield)
rNeg    . . .      Spirit   .   b - +0 leather armour
rPois   .          Reflect  .   m - +0 helmet
rElec   .          Harm     .   k - +0 cloak
rCorr   .          Rampage  .   (no gloves)
Will    .....                   f - +0 pair of boots
Stlth   +.........              (no amulet)
HPRegen 0.09/turn               (no ring)
MPRegen 0.08/turn               (no ring)

@: no status effects
A: spiny 2
a: Renounce Religion


You were on level 3 of the Dungeon.
You worshipped Vehumet.
Vehumet was aware of your devotion.
You visited 1 branch of the dungeon, and saw 3 of its levels.

You collected 101 gold pieces.

Inventory:

Hand Weapons
 a - a +1 hunting sling (weapon)
 g - a +0 dagger
Missiles
 p - 41 stones
Armour
 b - a +0 leather armour (worn)
 f - a +0 pair of boots (worn)
 k - a +0 cloak (worn)
 m - a +0 helmet (worn)
Scrolls
 c - 3 scrolls of immolation
 j - 2 scrolls of fear
 l - a scroll of summoning
 q - 2 scrolls of blinking
 r - a scroll of identify
Potions
 d - a potion of lignification {unknown}
 e - a potion of brilliance {unknown}
 h - a potion of curing {unknown}
 i - a potion of experience {unknown}
 n - a potion of degeneration {unknown}
 o - 2 potions of haste {unknown}


   Skills:
 + Level 2.8 Fighting
 + Level 1.5 Long Blades
 + Level 4.0 Slings
 - Level 1.7 Dodging
 - Level 0.8 Stealth


You had 2 spell levels left.
You didn't know any spells.
Your spell library contained the following spells:

 Spells                   Type           Power      Damage    Failure   Level
 Magic Dart               Conj           0%         1d3       41%         1
 Beastly Appendage        Tmut           0%         N/A       41%         1
 Wereblood                Tmut           0%         N/A       54%         2
 Spider Form              Tmut/Pois      0%         N/A       78%         3


Dungeon Overview and Level Annotations

Branches:
Dungeon (3/15)

Altars:
Vehumet


Innate Abilities, Weirdness & Mutations

You are mostly covered in sharp spines.


Message History

The adder is lightly wounded.
You shoot a sling bullet. The sling bullet hits the adder.
The adder is severely wounded.
You shoot a sling bullet.
The sling bullet barely misses the adder.
The adder bites you.
You shoot a sling bullet.
The sling bullet hits the adder but does no damage.
The adder is severely wounded.
The adder bites you but does no damage. The adder is struck by your spines.
You kill the adder!
Vehumet accepts your kill.
HP restored.
You open the door.
There is an open door here.
q - 2 scrolls of blinking (gained 1)
A centaur comes into view.
Found an escape hatch in the floor.
The centaur shouts!
The centaur wields a +0 shortbow.
The centaur shoots an arrow.
The arrow hits you!
You shoot a sling bullet.
The sling bullet hits the centaur but does no damage.
The centaur shoots an arrow.
The arrow hits you.
The centaur shoots an arrow.
The arrow barely misses you.
You shoot a sling bullet.
The sling bullet hits the centaur but does no damage.
The centaur shoots an arrow.
The arrow hits you.
The centaur shoots an arrow.
The arrow closely misses you.
A giant cockroach comes into view.
You shoot a sling bullet. The sling bullet hits the centaur.
The centaur is moderately wounded.
The centaur shoots an arrow.
The arrow hits you!
* * * LOW HITPOINT WARNING * * *
The centaur shoots an arrow.
The arrow completely misses you.
The giant cockroach is struck by your spines.
You kill the giant cockroach!
Vehumet accepts your kill.
The centaur unwields a +0 shortbow.
The centaur hits you.
You die...

#.....###.# # #.
##.##.###.# #. #.
#........# .##.
####.##### ... #.# #
#>. ##.# # ##.#..
##..#####
#....c#########^..#.##.
#...@............#.'.
##.##########...#.##. #
##.##.### ####.# # #.#
#.# #.# #.# #.#


You could see a centaur.

Vanquished Creatures
  2 adders
  A dart slug (D:1)
  2 ball pythons (D:1)
  3 endoplasms (D:1)
  A giant cockroach (D:3)
  4 goblins
  4 hobgoblins
  3 kobolds (D:1)
  2 quokkas
  A bat (D:1)
  A frilled lizard (D:2)
  3 rats (D:1)
27 creatures vanquished.

Notes
Turn   | Place    | Note
-------+----------+-------------------------------------------
     0 | D:1      | night the Demonspawn Hunter began the quest for the Orb.
     0 | D:1      | Reached XP level 1. HP: 16/16 MP: 1/1
    47 | D:1      | Gained mutation: You are partially covered in sharp spines.
                  | [demonic ancestry]
    47 | D:1      | Reached XP level 2. HP: 22/22 MP: 2/2
   229 | D:1      | Reached skill level 1 in Long Blades
   764 | D:2      | Gained mutation: You are mostly covered in sharp spines.
                  | [demonic ancestry]
   764 | D:2      | Reached XP level 3. HP: 28/28 MP: 3/3
  1201 | D:2      | Found a faded altar of an unknown god.
  1206 | D:2      | Reached skill level 4 in Slings
  1224 | D:2      | Prayed at the altar of an unknown god.
  1224 | D:2      | Became a worshipper of Vehumet
  1224 | D:2      | Reached * piety under Vehumet
  1224 | D:2      | Offered knowledge of Magic Dart by Vehumet.
  1570 | D:3      | Noticed a centaur
  1573 | D:3      | HP: 1/28 [centaur/arrow (13)]
  1575 | D:3      | Slain by a centaur

Illustrated notes

Levels and vault maps discovered:
D:1:      minmay_arrival_stone_box, layout_loops_ring, minivault_25
D:2:      layout_basic, dreamdust_ecumenical_altar_grove
D:3:      layout_loops_corners, minmay_checkerbox

Skill      XL: |  1  2  3 |
---------------+----------+-----
Long Blades    | 1 |  1.5
Slings         | 4 |  4.0
Fighting       | |  2.8
Dodging        | |  1.7
Stealth        | |  0.8

Action                   || total
-------------------------++-------
 Fire: Hunting sling     ||    57
  Use: Scroll            ||     3
Armor: Leather armour    ||     3
Dodge: Dodged            ||     3

Table legend: (Time is in decaauts)
 A = Elapsed time spent in this place.
 B = Non-inter-level travel time spent in this place.
 C = Inter-level travel time spent in this place.
 D = Time resting spent in this place.
 E = Time spent auto-exploring this place.
 F = Levels seen in this place.
 G = Mean time per level.
                   A        B        C        D        E       F      G
               +--------+--------+--------+--------+--------+-----+--------+
         Total |   1594 |   1545 |     49 |      0 |   1337 |   3 |  531.3 |
       Dungeon |   1594 |   1545 |     49 |      0 |   1337 |   3 |  531.3 |
               +--------+--------+--------+--------+--------+-----+--------+

Top non-repeatable levels by time:
     D:1: 735 daAuts
     D:2: 629 daAuts
     D:3: 230 daAuts
